 Dungeon Crawl Stone Soup version 0.28.0-47-ge53b351184 (webtiles) character file.

Game seed: 17081088834026772627

3056 joe1234567 the Poker (level 9, -6/69 HPs)
             Began as a Demonspawn Berserker on May 8, 2022.
             Was an Elder of Trog.
             Killed by divine providence
             ... invoked by an orc priest
              (14 damage)
             ... on level 7 of the Dungeon.
             The game lasted 00:34:39 (7014 turns).

joe1234567 the Poker (Demonspawn Berserker)         Turns: 7014, Time: 00:34:45

Health: -6/69      AC: 12    Str: 21    XL:     9   Next: 57%
Magic:  9/9        EV:  9    Int: 10    God:    Trog [****..]
Gold:   280        SH:  7    Dex: 16    Spells: 8/8 levels left

rFire   . . .      SeeInvis .   k - +4 trident of Ycviyli {spect, Str+4}
rCold   . . .      Faith    .   t - +2 buckler
rNeg    . . .      Spirit   .   y - +0 chain mail
rPois   .          Reflect  .   (helmet restricted)
rElec   .          Harm     .   m - +0 cloak
rCorr   .          Rampage  .   e - +0 pair of gloves
Will    .....                   (no boots)
Stlth   ..........              (no amulet)
HPRegen 0.21/turn               w - +4 ring of slaying
MPRegen 0.11/turn               (no ring)

@: about to teleport
A: antennae 1, demonic guardian 2, foul stench 1
a: Renounce Religion, Berserk, Trog's Hand, Brothers in Arms


You were on level 7 of the Dungeon.
You worshipped Trog.
Trog was greatly pleased with you.
You visited 1 branch of the dungeon, and saw 7 of its levels.

You collected 280 gold pieces.

Inventory:

Hand Weapons
 a - a +0 falchion of freezing
 k - the +4 trident of Ycviyli (weapon) {spect, Str+4}
   (You found it on level 2 of the Dungeon)

   When its wielder attacks, the weapon's spirit leaps out and strikes again.
   The spirit shares a part of any damage it takes with its wielder.
   Str:       It affects your strength (+4).
Missiles
 b - a curare-tipped dart (quivered)
Armour
 e - a +0 pair of gloves (worn)
 m - a +0 cloak (worn)
 t - a +2 buckler (worn)
 y - a +0 chain mail (worn)
Jewellery
 w - a +4 ring of slaying (left hand)
Wands
 x - a wand of iceblast (3)
Scrolls
 g - 3 scrolls of teleportation
 i - a scroll of identify
 j - a scroll of brand weapon
 l - a scroll of fear {unknown}
 n - a scroll of blinking {unknown}
 q - a scroll of fog
 v - a scroll of enchant armour {unknown}
Potions
 c - a potion of haste {unknown}
 d - a potion of brilliance {unknown}
 f - 2 potions of flight
 h - 2 potions of might
 o - a potion of curing {unknown}
 r - a potion of ambrosia {unknown}
 s - a potion of heal wounds {unknown}
 B - a potion of degeneration {unknown}


   Skills:
 + Level 5.9 Fighting
 + Level 4.1 Long Blades
 + Level 7.4 Polearms
 + Level 5.3 Armour
 + Level 4.0 Dodging
 + Level 2.9 Stealth
 + Level 2.7 Shields
 + Level 1.9 Evocations


You had 8 spell levels left.
You didn't know any spells.
Your spell library contained the following spells:

 Spells                   Type           Power      Damage    Failure   Level
 Apportation              Tloc           0%         N/A       99%         1
 Freeze                   Ice            0%         1d3       99%         1
 Corpse Rot               Necr/Air       0%         N/A       100%        2
 Ensorcelled Hibernation  Hex/Ice        0%         N/A       100%        2
 Passwall                 Tmut/Erth      0%         N/A       100%        2
 Poisonous Vapours        Pois/Air       0%         N/A       100%        2
 Frozen Ramparts          Ice            0%         1d2       100%        3
 Gell's Gravitas          Tloc           0%         N/A       100%        3
 Lesser Beckoning         Tloc           0%         N/A       100%        3
 Swiftness                Air            0%         N/A       100%        3
 Teleport Other           Tloc           0%         N/A       100%        3
 Hailstorm                Conj/Ice       0%         3d3       100%        4
 Alistair's Intoxication  Tmut/Pois      0%         N/A       100%        5


Dungeon Overview and Level Annotations

Branches:
Dungeon (7/15)             Temple (0/1) D:5

Altars:
Dithmenos

Annotations:
D:4 3 runed translucent doors, Buttercup's ghost, novice MiBe


Innate Abilities, Weirdness & Mutations

You have a pair of small antennae on your head.
A demonic guardian rushes to your aid.
You may rarely emit foul miasma when damaged in melee.


Message History

The orc priest calls down the wrath of Beogh upon you.
Beogh smites you!
Things that are here:
a +0 dagger; 3 boomerangs; an orc corpse You enter the shallow water.
Moving in this stuff is going to be slow.
The orc priest begins to cast a cantrip, but forgets the words!
The gnoll closely misses you.
Things that are here:
a +0 spear; a gnoll corpse An orc warrior comes into view.
It is wielding a +0 short sword.
The gnoll completely misses you.
The orc warrior moves out of view.
Found 15 gold pieces.
The orc warrior shouts!
The orc priest looks encouraged for a moment.
You see here 15 gold pieces.
The orc priest invokes the aid of Beogh against you.
Beogh smites you!
* * * LOW HITPOINT WARNING * * *
The gnoll hits you but does no damage.
You see here 15 gold pieces.
You closely miss the gnoll.
Your +4 trident of Ycviyli {spect, Str+4} hits the gnoll but does no damage.
The gnoll hits you with a +0 spear.
* * * LOW HITPOINT WARNING * * *
A demonic guardian appears!
You puncture the gnoll!
The gnoll is heavily wounded.
Your +4 trident of Ycviyli {spect, Str+4} closely misses the gnoll.
The orc warrior hits you but does no damage.
The orc priest looks braver for a moment.
As you read the scroll of teleportation, it crumbles to dust.
You feel strangely unstable.
Your rust devil hits the orc warrior.
Your rust devil corrodes the orc warrior!
The gnoll hits you with a +0 spear.
* * * LOW HITPOINT WARNING * * *
The orc warrior barely misses you.
The orc priest mumbles some strange prayers to Beogh against you.
Beogh smites you!
You die...

#..# .....#### ##...# #..#
...#### #..### #..## ###. #..####
#...# #.##... #.#..# #..## #.##.#
# ## # # #.##.# ...#####
##..#..## # #..#..
......§##........ ## ##.# .. #
####g@..#..... #. #.#
..##.##.o.oo........ ##. #.#
#.......#..4###..... ##.. #.#
##...##...### #.### #..#
##.#..#......########.########.##
.).............).).).....P.....#
≈†≈≈....≈≈≈≈≈≈)≈≈≈≈≈≈≈≈≈≈≈≈....#
≈≈≈≈....≈≈≈≈o≈≈≈≈≈≈≈≈≈≈≈≈≈≈....#
≈≈≈≈....≈≈≈≈≈o)≈)≈≈≈#####≈≈....##


You could see an orc warrior (corroded, ally target), an orc priest, a gnoll, an
orc and a friendly rust devil (summoned).

Vanquished Creatures
  A two-headed ogre (D:7)
  A warg (D:7)
  A sky beast (D:6)
  3 ogres
  3 necrophages
  A centaur (D:6)
  A kobold brigand (D:7)
  2 scorpions
  A wyvern zombie (D:7)
  2 wyvern skeletons
  3 howler monkeys (D:7)
  2 centaur zombies (D:5)
  A bullfrog zombie (D:6)
  12 hounds
  2 jellies
  3 bullfrog skeletons
  5 orc priests
  3 iguanas
  An orc wizard (D:6)
  A howler monkey zombie (D:6)
  4 gnolls (D:7)
  5 adders
  A shadow imp (D:5)
  A worm (D:5)
  A dart slug (D:3)
  21 orcs
  5 bats
  5 endoplasms
  A giant cockroach (D:3)
  6 goblins
  8 hobgoblins
  3 quokkas (D:1)
  2 ball pythons
  2 frilled lizards
  11 kobolds
  2 rats (D:1)
127 creatures vanquished.

Vanquished Creatures (collateral kills)
  A necrophage (D:5)
  3 orc wizards
  6 orcs
  A hobgoblin (D:4)
  A kobold (D:1)
  3 ball pythons
15 creatures vanquished.

Vanquished Creatures (others)
  2 orcs
  A fungus (D:7)
  3 plants (D:7)
6 creatures vanquished.

Grand Total: 148 creatures vanquished

Notes
Turn   | Place    | Note
-------+----------+-------------------------------------------
     0 | D:1      | joe1234567 the Demonspawn Berserker began the quest for the
                  | Orb.
     0 | D:1      | Reached XP level 1. HP: 18/18 MP: 1/1
   225 | D:1      | Gained mutation: A weak demonic guardian rushes to your
                  | aid. [demonic ancestry]
   225 | D:1      | Reached XP level 2. HP: 24/24 MP: 2/2
  1254 | D:2      | Found a faded altar of an unknown god.
  2003 | D:2      | Identified the +4 trident of Ycviyli {spect, Str+4}
  2632 | D:3      | Reached XP level 3. HP: 20/29 MP: 3/3
  2672 | D:3      | Reached skill level 1 in Stealth
  2923 | D:3      | Noticed an ogre
  2924 | D:3      | Reached XP level 4. HP: 25/35 MP: 4/4
  2930 | D:3      | Killed an ogre
  2931 | D:3      | Gained mutation: A demonic guardian rushes to your aid.
                  | [demonic ancestry]
  2931 | D:3      | Reached XP level 5. HP: 19/41 MP: 5/5
  3069 | D:3      | Reached ** piety under Trog
  3074 | D:3      | Reached skill level 1 in Polearms
  3440 | D:4      | Noticed a necrophage
  3447 | D:4      | Killed a necrophage
  3448 | D:4      | Reached XP level 6. HP: 43/48 MP: 6/6
  3637 | D:4      | Reached skill level 2 in Polearms
  3906 | D:4      | Found a runed translucent gate.
  3908 | D:4      | Found a runed translucent gate.
  3908 | D:4      | Noticed Buttercup's ghost (novice MiBe)
  3909 | D:4      | Found a runed translucent gate.
  3911 | D:4      | Identified the +6 hunting sling of the Dwarven Hall {speed,
                  | rC- rN++ Int+7}
  4458 | D:5      | Entered Level 5 of the Dungeon
  4477 | D:5      | Reached skill level 3 in Polearms
  4477 | D:5      | Reached XP level 7. HP: 36/54 MP: 7/7
  4510 | D:5      | Found a staircase to the Ecumenical Temple.
  4807 | D:5      | Reached *** piety under Trog
  5375 | D:6      | Reached skill level 4 in Polearms
  5602 | D:6      | Gained mutation: You may rarely emit foul miasma when
                  | damaged in melee. [demonic ancestry]
  5602 | D:6      | Reached XP level 8. HP: 59/61 MP: 8/8
  5810 | D:6      | Reached skill level 5 in Polearms
  6221 | D:7      | Reached skill level 1 in Shields
  6239 | D:7      | Reached **** piety under Trog
  6249 | D:7      | Reached skill level 5 in Fighting
  6283 | D:7      | Noticed a two-headed ogre
  6293 | D:7      | Killed a two-headed ogre
  6294 | D:7      | Reached skill level 6 in Polearms
  6294 | D:7      | Reached skill level 1 in Evocations
  6294 | D:7      | Gained mutation: You have a pair of small antennae on your
                  | head. [demonic ancestry]
  6294 | D:7      | Reached XP level 9. HP: 27/68 MP: 9/9
  6302 | D:7      | Found a shadowy altar of Dithmenos.
  6467 | D:7      | Reached skill level 5 in Armour
  6554 | D:7      | Reached skill level 7 in Polearms
  7014 | D:7      | Killed from afar by an orc priest

Illustrated notes

Levels and vault maps discovered:
D:1:      dpeg_arrival_short_road, layout_basic
D:2:      layout_basic, serial_co_window_serial, co_window_corner_a,
          co_window_paths_a, co_window_of_opportunity_a, co_window_paths_a,
          co_window_corner_a, co_window_corner_b, co_window_2corner,
          co_window_2corner, co_window_4corner_b, co_window_4corner_a,
          glass_columns_a, glass_columns_b, glass_columns_a,
          basic_ecumenical_altar, nicolae_elevator_lobby_asterisk
D:3:      layout_basic, st_stairs_11
D:4:      layout_basic, biasface_ghost_orc_armoury
D:5:      layout_loops_ring, minmay_temple_entry_proselytizer
D:6:      layout_cave_pools, hangedman_decor_opposing,
          chequers_serial_rivers_small_3, lightli_orcish_oven
D:7:      lemuel_castle_with_subvaults [lemuel_castle_interior_carwin_1],
          layout_rooms, nicolae_dithmenos_shadow_blocks, minivault_5

Skill      XL: |  1  2  3  4  5  6  7  8  9 |
---------------+----------------------------+-----
Long Blades    | 3 4 |  4.1
Dodging        | 2 3 4 |  4.0
Stealth        | 1 2 |  2.9
Armour         | 2 3 4 5 |  5.3
Polearms       | 1 3 4 6 7 |  7.4
Fighting       | 4 5 |  5.9
Shields        | 1 2 |  2.7
Evocations     | 1 |  1.9

Action                   |  1- 3 |  4- 6 |  7- 9 || total
-------------------------+-------+-------+-------++-------
Melee: Falchion          |    60 |       |       ||    60
       Trident           |    10 |    45 |   119 ||   174
Evoke: Wand              |       |       |    14 ||    14
  Use: Scroll            |       |     1 |     7 ||     8
       Potion            |       |     1 |       ||     1
 Stab: Sleeping          |     1 |     2 |       ||     3
Armor: Animal skin       |     5 |       |       ||     5
       Leather armour    |    16 |     7 |       ||    23
       Scale mail        |       |       |     6 ||     6
       Chain mail        |       |       |    64 ||    64
Dodge: Dodged            |    65 |    32 |    64 ||   161
Block: Buckler           |       |       |    36 ||    36
